 Dungeon Crawl Stone Soup version 0.28.0-53-g5a82cb258f (webtiles) character file.

Game seed: 13564708864007430765

141 hawla the Digger (level 5, -2/28 HPs)
             Began as a Deep Elf Earth Elementalist on June 7, 2022.
             Slain by an adder (4 damage)
             ... on level 2 of the Dungeon.
             The game lasted 00:11:10 (2736 turns).

hawla the Digger (Deep Elf Earth Elementalist)      Turns: 2736, Time: 00:11:11

Health: -2/28      AC:  2    Str:  7    XL:     5   Next: 3%
Magic:  13/13      EV: 13    Int: 20    God:
Gold:   55         SH:  0    Dex: 15    Spells: 12/13 levels left

rFire   . . .      SeeInvis .   a - staff of conjuration
rCold   . . .      Faith    .   (no shield)
rNeg    . . .      Spirit   .   b - +0 robe
rPois   .          Reflect  .   (no helmet)
rElec   .          Harm     .   (no cloak)
rCorr   .          Rampage  .   (no gloves)
Will    .....                   (no boots)
Stlth   ++........              (no amulet)
HPRegen 0.09/turn               (no ring)
MPRegen 0.13/turn               (no ring)

@: no status effects
A: no striking features
a: no special abilities


You were on level 2 of the Dungeon.
You visited 1 branch of the dungeon, and saw 3 of its levels.

You collected 55 gold pieces.

Inventory:

Armour
 b - a +0 robe (worn)
Magical Staves
 a - a staff of conjuration (weapon)
Potions
 g - a potion of flight


   Skills:
 + Level 0.5 Staves
 + Level 2.9 Dodging
 + Level 3.3 Stealth
 + Level 4.5 Spellcasting
 * Level 0.9 Conjurations
 + Level 1.1 Transmutations
 + Level 4.5 Earth Magic
 + Level 1.0 Evocations


You had 12 spell levels left.
You knew the following spells:

 Your Spells              Type           Power      Damage    Failure   Level
a - Sandblast             Erth           44%        2d11      1%          1

Your spell library contained the following spells:

 Spells                   Type           Power      Damage    Failure   Level
 Passwall                 Tmut/Erth      12%        N/A       6%          2
 Stone Arrow              Conj/Erth      46%        3d9       12%         3
 Petrify                  Tmut/Erth      15%        N/A       36%         4


Dungeon Overview and Level Annotations

Branches:
Dungeon (3/15)

Altars:

Shops:
D:1 :


Message History

You feel sick. The adder bites you.
You barely miss the adder.
The adder is moderately wounded.
You feel sick. The adder closely misses you. The adder completely misses you.
You hit the adder but do no damage.
The adder is moderately wounded.
You feel sick.
You are no longer poisoned.
The adder misses you.
You miss the adder.
The adder is moderately wounded.
The adder barely misses you. x2
You closely miss the adder.
The adder is moderately wounded.
The adder barely misses you.
Okay, then.
You barely miss the adder.
The adder is moderately wounded.
The adder closely misses you. The adder barely misses you.
You miss the adder.
The adder is moderately wounded.
The adder bites you. The adder bites you.
* * * LOW HITPOINT WARNING * * *
The adder bites you but does no damage. The adder bites you.
* * * LOW HITPOINT WARNING * * *
There is a stone staircase leading up here.
The adder closely misses you. The adder bites you but does no damage.
The adder closely misses you. The adder closely misses you.
The adder bites you.
* * * LOW HITPOINT WARNING * * *
The adder bites you.
* * * LOW HITPOINT WARNING * * *
You hit the adder but do no damage.
The adder is lightly wounded.
The adder bites you.
You die...

#..#...#..#.#....##.#########.#..
#..##.##.##.##...#............#..
....#[#..#...#...#..###########.^
....###.##...##..#..# #..
.#...#..#.....#..#..# #.#
.#...#..#.....#)....# #..
...#........[...#...# #.#
..................### #.#
############.###@## #.# #.# #S#
#.# #.# #.# #.# #.# #.# #.# #.#
#.# #.# #.###.###### #.#
#..........## #[# #####.......#
#)# ######..# #)#


You could see an adder.

Vanquished Creatures
  An orc priest (D:3)
  4 gnolls (D:2)
  2 adders
  A dart slug (D:1)
  5 orcs
  3 bats
  4 endoplasms (D:2)
  2 giant cockroaches
  3 goblins
  9 hobgoblins
  6 kobolds
  A quokka (D:2)
  4 ball pythons
  A frilled lizard (D:2)
  A rat (D:2)
47 creatures vanquished.

Notes
Turn   | Place    | Note
-------+----------+-------------------------------------------
     0 | D:1      | hawla the Deep Elf Earth Elementalist began the quest for
                  | the Orb.
     0 | D:1      | Reached XP level 1. HP: 10/10 MP: 6/6
    50 | D:1      | Found Umnixt's Book Emporium.
   156 | D:1      | Reached XP level 2. HP: 15/15 MP: 5/8
   353 | D:1      | Found a faded altar of an unknown god.
   741 | D:2      | Reached XP level 3. HP: 19/19 MP: 5/10
  1134 | D:2      | Reached XP level 4. HP: 24/24 MP: 3/11
  1395 | D:3      | Reached skill level 1 in Evocations
  1748 | D:2      | HP: 1/24 [orc/+0 short sword (3)]
  1800 | D:2      | HP: 1/36 [orc/+0 hand axe (3)]
  2266 | D:2      | Reached XP level 5. HP: 17/28 MP: 13/13
  2736 | D:2      | Slain by an adder

Illustrated notes

Levels and vault maps discovered:
D:1:      nzn_arrival_crosshair, layout_basic,
          ebering_ecumenical_altar_abandoned, serial_shops, shop_statue
D:2:      layout_loops_ring, minmay_unequal
D:3:      due_chaos_kobolds, layout_rooms, chequers_temple_overflow_minitemple

Skill      XL: |  1  2  3  4 |
---------------+-------------+-----
Stealth        | 3 |  3.3
Earth Magic    | 4 |  4.5
Spellcasting   | 4 |  4.5
Evocations     | 1 |  1.0
Staves         | |  0.5
Dodging        | |  2.9
Conjurations   | |  0.9
Transmutations | |  1.1

Action                   |  1- 3 |  4- 6 || total
-------------------------+-------+-------++-------
Melee: Unarmed           |     1 |       ||     1
       Staff             |       |    79 ||    79
       Punch             |       |     2 ||     2
 Cast: Sandblast         |    34 |    21 ||    55
  Use: Scroll            |     2 |     2 ||     4
       Potion            |       |     5 ||     5
Armor: Robe              |     2 |    13 ||    15
       Skin              |       |    56 ||    56
Dodge: Dodged            |     4 |    74 ||    78
